 Dungeon Crawl Stone Soup version 0.31-a0-799-g6bc09d010c (webtiles) character file.

Game seed: 4686594059256178324

81 Shayle the Trooper (level 4, -1/45 HPs)
             Began as an Ogre Hexslinger on Sept 19, 2023.
             Slain by a gnoll
             ... wielding a +0 spear
              (6 damage)
             ... on level 2 of the Dungeon.
             The game lasted 00:03:03 (1433 turns).

Shayle the Trooper (Ogre Hexslinger)                Turns: 1433, Time: 00:03:03

Health: -1/45      AC:  3    Str: 12    XL:     4   Next: 42%
Magic:  7/7        EV:  5    Int: 16    God:
Gold:   110        SH:  0    Dex: 11    Spells: 8/8 levels left

rFire   . . .        a - +1 sling
rCold   . . .        (no shield)
rNeg    . . .        c - +0 robe
rPois   .            (helmet restricted)
rElec   .            (no cloak)
rCorr   .            (gloves unavailable)
SInv    .            (boots unavailable)
Will    .....        (no amulet) Stlth
                     (no ring)
HPRegen 0.27/turn    (no ring)
MPRegen 0.10/turn

%: no passive effects
@: brilliant, silenced, held
A: large, unfitting armour, tough skin 1
a: no special abilities


You were on level 2 of the Dungeon.
You visited 1 branch of the dungeon, and saw 2 of its levels.

You collected 110 gold pieces.

Inventory:

Hand Weapons
 a - a +1 sling (weapon)
 e - a +2 dagger of venom
Armour
 c - a +0 robe (worn)
 h - the orb of the Dragon {guile, rF+ SInv}
   (You found it on level 2 of the Dungeon)

   rF+:       It protects you from fire.
   SInv:      It lets you see invisible.
Talismans
 d - a serpent talisman
Scrolls
 b - a scroll of poison
 f - a scroll of silence
 i - a scroll of identify {unknown}
 j - a scroll of acquirement {unknown}
 k - a scroll of noise {unknown}
 l - a scroll of blinking {unknown}


   Skills:
 + Level 3.1 Fighting
 - Level 1.3 Ranged Weapons
 - Level 1.7 Dodging
 + Level 2.5 Spellcasting
 - Level 2.6 Hexes
 - Level 1.4 Fire Magic
 * Level 1.8 Shapeshifting


You had 8 spell levels left.
You didn't know any spells.
Your spell library contained the following spells:

 Spells                   Type           Power      Damage    Failure   Level
 Jinxbite                 Hex            30%        N/A       10%         2
 Sigil of Binding         Hex            15%        N/A       21%         3
 Inner Flame              Hex/Fire       12%        N/A       26%         3
 Wereblood                Tmut           3%         N/A       30%         2
 Cause Fear               Hex            7%         N/A       54%         4
 Dimensional Bullseye     Hex/Tloc       4%         N/A       75%         4
 Irradiate                Conj/Tmut      1%         3d12      99%         5


Dungeon Overview and Level Annotations

Branches:
Dungeon (2/15)

Altars:

Shops:
D:1 (


Innate Abilities, Weirdness & Mutations

You are too large for most types of armour.
You have tough skin. (AC +1)


Message History

The gnoll is moderately wounded.
There are monsters nearby!
You shoot a sling bullet. The sling bullet hits the gnoll.
The gnoll is moderately wounded.
There are monsters nearby!
You shoot a sling bullet.
The sling bullet barely misses the gnoll. x2
The gnoll hits you from afar with a +0 spear.
There are monsters nearby!
You shoot a sling bullet. The sling bullet hits the gnoll.
The gnoll is heavily wounded.
The gnoll hits you from afar with a +0 spear. x2
The gnoll hits you from afar with a +0 halberd!
There are monsters nearby!
The gnoll attacks as it pursues you!
The gnoll hits you from afar with a +0 spear!
The gnoll throws a throwing net.
The throwing net barely misses you.
The gnoll throws a throwing net.
The throwing net hits you.
You become entangled in the net!
You see here a throwing net.
You struggle against the net.
Okay, then.
As you read the scroll labelled OMAESCHAEXO, it crumbles to dust.
A profound silence engulfs you.
It was a scroll of silence.
The gnoll hits you from afar with a +0 spear!
It was a potion of brilliance.
You feel clever all of a sudden.
The gnoll hits you from afar with a +0 spear.
* * * LOW HITPOINT WARNING * * *
The gnoll closely misses you.
You tear a large gash into the net.
The gnoll hits you from afar with a +0 spear.
* * * LOW HITPOINT WARNING * * *
The gnoll hits you from afar with a +0 halberd.
* * * LOW HITPOINT WARNING * * *
Unknown command.
You aren't carrying any potions.
You struggle against the net.
The gnoll hits you from afar with a +0 spear.
You die...

......#....###......#......#
.....>#...............####.#
............##.....†.......#
......#.#......#.#..##.....####
......#.#..#####.##...........###
...........#####......##.........
......#.#..<..##.....####....†...
......#....##...(.g...........†..
...........###..@.gg.............
........#####..####.....###..###.
........####...##....##.# ##....#
.....#.#.............##..# ####.#
.##.<.....####.###...###..# #..
.........#.....# #...# #.# ###
........##....## #...# .. #
.........#....# ##### .?. #
..............# ... #


You could see 3 gnolls.

Vanquished Creatures
  A gnoll (D:1)
  2 adders (D:2)
  A dart slug (D:1)
  5 bats
  5 endoplasms
  3 giant cockroaches
  3 goblins (D:1)
  7 hobgoblins
  2 jackals (D:2)
  3 quokkas
  5 ball pythons
  A frilled lizard (D:2)
  4 kobolds
  2 rats
44 creatures vanquished.

Notes
Turn   | Place    | Note
-------+----------+-------------------------------------------
     0 | D:1      | Shayle the Ogre Hexslinger began the quest for the Orb.
     0 | D:1      | Reached XP level 1. HP: 19/19 MP: 2/2
    34 | D:1      | Reached skill level 1 in Fire Magic
   133 | D:1      | Reached XP level 2. HP: 28/28 MP: 4/4
   140 | D:1      | Reached skill level 2 in Fighting
   256 | D:1      | Found Xilusiops's Weapon Emporium.
   398 | D:1      | Found a faded altar of an unknown god.
   677 | D:1      | Reached XP level 3. HP: 30/36 MP: 4/6
   750 | D:1      | Reached skill level 1 in Shapeshifting
  1044 | D:2      | Identified the orb of the Dragon {guile, rF+ SInv}
  1092 | D:2      | Reached XP level 4. HP: 44/44 MP: 7/7
  1139 | D:2      | Reached skill level 3 in Fighting
  1433 | D:2      | Slain by a gnoll

Illustrated notes

Levels and vault maps discovered:
D:1:      dpeg_arrival_ternary, layout_loops_cross,
          ebering_ecumenical_altar_box, serial_shops, nicolae_shop_statue_plus,
          chequers_serial_rivers_room_b
D:2:      layout_rooms

Skill      XL: |  1  2  3  4 |
---------------+-------------+-----
Fire Magic     | 1 |  1.4
Fighting       | 2 3 |  3.1
Spellcasting   | 2 |  2.5
Shapeshifting  | 1 |  1.8
Ranged Weapons | |  1.3
Dodging        | |  1.7
Hexes          | |  2.6

Action                     |  1- 3 |  4- 6 || total
---------------------------+-------+-------++-------
   Fire: Sling             |   109 |    53 ||   162
    Use: Scroll            |       |     1 ||     1
         Potion            |       |     1 ||     1
 Armour: Robe              |    55 |    27 ||    82
  Dodge: Dodged            |    50 |    18 ||    68

Table legend: (Time is in decaauts)
 A = Elapsed time spent in this place.
 B = Non-inter-level travel time spent in this place.
 C = Inter-level travel time spent in this place.
 D = Time resting spent in this place.
 E = Time spent auto-exploring this place.
 F = Levels seen in this place.
 G = Mean time per level.
                   A        B        C        D        E       F      G
               +--------+--------+--------+--------+--------+-----+--------+
         Total |   1488 |   1391 |     97 |     12 |   1011 |   2 |  744.0 |
       Dungeon |   1488 |   1391 |     97 |     12 |   1011 |   2 |  744.0 |
               +--------+--------+--------+--------+--------+-----+--------+

Top non-repeatable levels by time:
     D:1: 1008 daAuts
     D:2: 479 daAuts
